 Dungeon Crawl Stone Soup version 0.31-a0-204-g7da18cac08 (webtiles) character file.

Game seed: 8152327190765985357

23 qw the Shooter (level 2, 0/16 HPs)
             Began as a Deep Elf Hunter on June 27, 2023.
             Slain by Terence
             ... wielding a +0 falchion
              (5 damage)
             ... on level 2 of the Dungeon.
             The game lasted 00:00:17 (919 turns).

qw the Shooter (Deep Elf Hunter)                     Turns: 919, Time: 00:00:18

Health: 0/16       AC:  5    Str:  8    XL:     2   Next: 72%
Magic:  4/4        EV: 10    Int: 13    God:
Gold:   40         SH:  0    Dex: 18    Spells: 1/1 levels left

rFire   . . .        Y - +0 shortbow
rCold   . . .        (shield currently unavailable)
rNeg    . . .        d - +0 ring mail
rPois   .            (no helmet)
rElec   .            (no cloak)
rCorr   .            (no gloves)
SInv    .            (no boots)
Will    .....        (no amulet)
Stlth   +            (no ring)
HPRegen 0.22/turn    (no ring)
MPRegen 0.09/turn

%: no passive effects
@: no status effects
A: no striking features
a: no special abilities


You were on level 2 of the Dungeon.
You visited 1 branch of the dungeon, and saw 2 of its levels.

You collected 40 gold pieces.


   Skills:
 - Level 1.5 Fighting
 + Level 6.4 Ranged Weapons
 - Level 2.4 Dodging
 - Level 1.2 Stealth


You had one spell level left.
You didn't know any spells.
Your spell library was empty.

Inventory:

Hand Weapons
 Y - a +0 shortbow (weapon)
Armour
 d - a +0 ring mail (worn)
Scrolls
 a - a scroll of teleportation {unknown}
 c - a scroll of summoning {unknown}
Potions
 b - a potion of degeneration {unknown}
 e - a potion of lignification {unknown}

Dungeon Overview and Level Annotations

Branches:
Dungeon (2/15)

Altars:

Shops:
D:1 [[[[[

Annotations:
D:2 Terence


Message History

Enter note: You shoot an arrow.
The arrow closely misses the quokka.
You shoot an arrow. The arrow misses the quokka.
The arrow barely misses Terence.
The quokka bites you but does no damage.
You shoot an arrow. The arrow misses the quokka.
The quokka closely misses you.
Terence shouts, "Get ready for death!"
You shoot an arrow. The arrow hits the quokka.
The quokka is almost dead.
The quokka bites you but does no damage. x2
You shoot an arrow. The arrow hits the quokka.
You kill the quokka!
The ball python closely misses you. The ball python grabs you.
The ball python constricts you.
You shoot an arrow. The arrow hits the ball python.
You kill the ball python!
You shoot an arrow. The arrow closely misses Terence.
Terence hits you with a +0 falchion.
You shoot an arrow. The arrow hits Terence.
Terence is lightly wounded.
Terence hits you but does no damage. x2
You shoot an arrow.
The arrow hits Terence but does no damage.
Terence is lightly wounded.
Terence hits you with a +0 falchion.
You shoot an arrow. The arrow hits Terence!
Terence is heavily wounded.
Terence says, "Don't bother to defend, it's senseless."
Terence completely misses you.
You shoot an arrow. The arrow closely misses Terence.
Terence hits you with a +0 falchion.
You shoot an arrow.
The arrow hits Terence but does no damage.
Terence is heavily wounded.
Terence hits you with a +0 falchion! Terence misses you.
You shoot an arrow. The arrow hits Terence.
Terence is severely wounded.
Terence hits you with a +0 falchion.
You die...

.).... ..... ....
... .$ .#
##########@#
#........@.#
#.########## #.#
###### #.# #....#
#.# #.##.#
#######.######.##.#
#...#..........##.#
#.#.#.#.######....#
###### #.#.#.#.#
#....# #....#


You could see Terence.

Vanquished Creatures
  3 endoplasms (D:1)
  A giant cockroach (D:1)
  A goblin (D:1)
  5 hobgoblins
  3 quokkas
  2 ball pythons
  2 bats
  A frilled lizard (D:1)
  A kobold (D:1)
  A rat (D:1)
20 creatures vanquished.

Notes
Turn   | Place    | Note
-------+----------+-------------------------------------------
     0 | D:1      | qw the Deep Elf Hunter began the quest for the Orb.
     0 | D:1      | Reached XP level 1. HP: 12/12 MP: 3/3
     0 | D:1      | 0 ||| qw: Version: 0.3-a-22-g0ed2b0b
     0 | D:1      | 0 ||| qw: Game counter: 6439
     0 | D:1      | 0 ||| qw: Melee chars always use a shield: true
     0 | D:1      | 0 ||| qw: God list: Okawaru
     0 | D:1      | 0 ||| qw: Allow faded altars: false
     0 | D:1      | 0 ||| qw: Do Orc after clearing Dungeon:15 true
     0 | D:1      | 0 ||| qw: Do second Lair branch before Depths: true
     0 | D:1      | 0 ||| qw: Lair rune preference: random
     0 | D:1      | 0 ||| qw: Goals: Normal
     0 | D:1      | 0 ||| PLANNING D:1-11
    79 | D:1      | Found Odyav's Antique Armour Emporium.
   183 | D:1      | Reached XP level 2. HP: 16/16 MP: 4/4
   192 | D:1      | Reached skill level 6 in Ranged Weapons
   291 | D:1      | Found Mypykif's Armour Emporium.
   296 | D:1      | 296 ||| SHOPLISTING +1 pair of gloves of dexterity (165
                  | gold, have 40).
   296 | D:1      | 296 ||| SHOPLISTING +1 scale mail of positive energy (130
                  | gold, have 40).
   348 | D:1      | 348 ||| SHOPLISTING dyed leather armour (90 gold, have 40).
   348 | D:1      | 348 ||| SHOPLISTING glowing scarf (144 gold, have 40).
   348 | D:1      | 348 ||| SHOPLISTING helmet (81 gold, have 40).
   437 | D:1      | Found Taiw's Antique Armour Boutique.
   492 | D:1      | 492 ||| SHOPLISTING dyed leather armour (100 gold, have
                  | 40).
   492 | D:1      | 492 ||| SHOPLISTING pair of glowing gloves (150 gold, have
                  | 40).
   492 | D:1      | 492 ||| SHOPLISTING pair of heavily runed boots (190 gold,
                  | have 40).
   530 | D:1      | Found Niokuywn's Armour Shop.
   534 | D:1      | 534 ||| SHOPLISTING +0 pair of gloves (54 gold, have 40).
   534 | D:1      | 534 ||| SHOPLISTING +1 cloak of Vauvuscho {Drain Dex+5}
                  | (256 gold, have 40).
   534 | D:1      | 534 ||| SHOPLISTING +1 leather armour of the Leaf {Harm
                  | SInv Stlth+} (252 gold, have 40).
   534 | D:1      | 534 ||| SHOPLISTING +2 ring mail of fire resistance (252
                  | gold, have 40).
   534 | D:1      | 534 ||| SHOPLISTING +3 leather armour of poison resistance
                  | (252 gold, have 40).
   534 | D:1      | 534 ||| SHOPLISTING +3 ring mail of cold resistance (312
                  | gold, have 40).
   647 | D:1      | Found Moetijogh's Armour Shop.
   656 | D:1      | 656 ||| SHOPLISTING +0 cloak (58 gold, have 40).
   656 | D:1      | 656 ||| SHOPLISTING +1 leather armour of poison resistance
                  | (143 gold, have 40).
   661 | D:1      | 661 ||| UPGRADING to +0 ring mail.
   671 | D:1      | 671 ||| DROPPING +0 leather armour.
   672 | D:1      | 672 ||| READING 3 scrolls labelled UTEILI UCOU.
   673 | D:1      | 673 ||| DROPPING 2 scrolls of fog.
   674 | D:1      | 674 ||| DROPPING scroll of butterflies.
   906 | D:2      | Noticed Terence
   919 | D:2      | Slain by Terence

Levels and vault maps discovered:
D:1:      wander_arrival_estate, layout_loops_ring, serial_shops,
          nicolae_shop_tiny_waterfront, shop, nicolae_shop_peninsula, shop,
          nicolae_shop_peninsula
D:2:      layout_basic, hellmonk_ecumenical_altar_slurped_away, basic_altar,
          uniq_robin, uniq_terence

Skill      XL: |  1  2 |
---------------+-------+-----
Ranged Weapons | 6 |  6.4
Fighting       | |  1.5
Dodging        | |  2.4
Stealth        | |  1.2

Action                     || total
---------------------------++-------
   Fire: Shortbow          ||    61
    Use: Scroll            ||     1
 Armour: Leather armour    ||     4
         Ring mail         ||     7
  Dodge: Dodged            ||    10

Table legend:
 A = Non-vault XP
 B = Vault XP
 C = Vault XP percentage of total XP
 D = Non-vault monster count
 E = Vault monster count
 F = Vault count percentage of total count
                 A         B        C        D         E       F
            +---------+---------+-------+---------+---------+-------
      Total |      33 |       0 |   0.0 |      20 |       0 |   0.0
            +---------+---------+-------+---------+---------+-------
        D:1 |      27 |       0 |   0.0 |      16 |       0 |   0.0
        D:2 |       6 |       0 |   0.0 |       4 |       0 |   0.0
            +---------+---------+-------+---------+---------+-------
